 Dungeon Crawl Stone Soup version 0.28.0-62-gf88900778d (webtiles) character file.

Game seed: 18199436467793753498

76692 infinitevox the Fighter (level 15, 0/126 HPs)
             Began as a Demonspawn Wanderer on Apr 14, 2023.
             Was the Champion of Makhleb.
             Slain by a spriggan rider
             ... wielding a +0 spear
              (5 damage)
             ... on level 1 of the Swamp on Apr 15, 2023.
             The game lasted 01:47:00 (21868 turns).

infinitevox the Fighter (Demonspawn Wanderer)      Turns: 21868, Time: 01:47:00

Health: 0/126      AC: 18    Str: 17    XL:     15   Next: 13%
Magic:  27/27      EV: 20    Int: 21    God:    Makhleb [******]
Gold:   906        SH:  0    Dex: 24    Spells: 11/30 levels left

rFire   + . .      SeeInvis +   l - +10 hunting sling of Incongruity {speed, Contam rElec rF+ Str+4}
rCold   . . .      Faith    .   (no shield)
rNeg    . . .      Spirit   .   e - +0 swamp dragon scales
rPois   +          Reflect  .   (helmet unavailable)
rElec   +          Harm     .   (no cloak)
rCorr   .          Rampage  .   f - +0 pair of gloves
Will    +....                   H - +0 pair of boots
Stlth   +.........              (no amulet)
HPRegen 0.31/turn               i - +6 ring of dexterity
MPRegen 0.20/turn               j - +4 ring of protection

@: no status effects
A: antennae 3, demonic guardian 1, spiny 3, big brain 3
a: Renounce Religion, Minor Destruction, Lesser Servant of Makhleb, Major
Destruction, Greater Servant of Makhleb


You were on level 1 of the Swamp.
You worshipped Makhleb.
Makhleb was exalted by your worship.
You visited 4 branches of the dungeon, and saw 18 of its levels.
You also visited: Bailey and Volcano.

You collected 1919 gold pieces.
You spent 1013 gold pieces at shops.

Inventory:

Hand Weapons
 l - the +10 hunting sling of Incongruity (weapon) {speed, Contam rElec rF+ Str+4}
   (You found it on level 2 of the Dungeon)

   Attacks with this weapon are significantly faster.
   Str:       It affects your strength (+4).
   rF:        It protects you from fire.
   rElec:     It insulates you from electricity.
   Contam:    It causes magical contamination when unequipped.
 p - the +4 mace of Invincibility {elec, Fragile rF+ Int+5 Dex+2}
   (You found it on level 3 of the Dungeon)

   It occasionally discharges a powerful burst of electricity upon striking a
   foe.
   Int:       It affects your intelligence (+5).
   Dex:       It affects your dexterity (+2).
   rF:        It protects you from fire.
   Fragile:   It will be destroyed if unequipped.
 D - the +6 rapier "Jorapt" {elec, rPois Str+6}
   (You took it off an orc on level 6 of the Dungeon)

   It occasionally discharges a powerful burst of electricity upon striking a
   foe.
   Str:       It affects your strength (+6).
   rPois:     It protects you from poison.
 M - the +14 obsidian axe {vorpal, Mesm Drain Fly SInv}
   (You took it off a spriggan in a bailey)

   It inflicts extra damage upon your enemies.
   It occasionally summons demons to assist the wielder when it strikes in
   combat.
   Its wielder is mesmerised by any visible foes.
   It cannot be unequipped while any foes are visible.
   SInv:      It lets you see invisible.
   Fly:       It grants you flight.
   Drain:     It drains your maximum health when unequipped.
Missiles
 o - 241 stones (quivered ammo)
 I - 44 sling bullets
Armour
 c - a +0 kite shield of reflection
 e - +0 swamp dragon scales (worn)
 f - a +0 pair of gloves (worn)
 n - a +0 ring mail of fire resistance
 H - a +0 pair of boots (worn)
 J - the +0 ring mail of Theory {Rampage SInv}
   (You found it on level 8 of the Dungeon)

   SInv:      It lets you see invisible.
   Rampage:   It bestows one free step when moving towards enemies.
 K - a +1 robe of resistance
 P - +0 acid dragon scales
Jewellery
 i - a +6 ring of dexterity (left hand)
 j - a +4 ring of protection (right hand)
 y - a ring of poison resistance
 z - a +6 ring of strength
 R - a ring of magical power
Wands
 b - a wand of polymorph (18)
 t - a wand of paralysis (2)
 u - a wand of mindburst (4)
 w - a wand of acid (3)
 x - a wand of iceblast (5)
 F - a wand of charming (12)
Scrolls
 h - a scroll of fear
 k - 7 scrolls of teleportation
 s - a scroll of silence
 L - a scroll of fog
 N - 2 scrolls of holy word
 S - 2 scrolls of magic mapping
Potions
 a - a potion of cancellation
 d - 10 potions of curing
 g - 3 potions of brilliance
 q - 2 potions of flight
 v - 3 potions of magic
 A - a potion of berserk rage
 B - a potion of resistance
 G - 5 potions of might
Miscellaneous
 r - a condenser vane
 C - a phial of floods
 T - a lightning rod (1/4)


   Skills:
 - Level 14.0 Fighting
 - Level 0.4 Long Blades
 - Level 0.3 Axes
 - Level 2.6 Staves
 - Level 8.0 Slings
 - Level 0.3 Bows
 - Level 0.3 Crossbows
 + Level 13.9 Armour
 - Level 12.0 Dodging
 + Level 0.3 Shields
 - Level 8.0 Spellcasting
 - Level 6.0 Conjurations
 - Level 0.3 Hexes
 - Level 3.0 Summonings
 - Level 0.4 Necromancy
 - Level 0.2 Translocations
 - Level 0.2 Transmutations
 + Level 0.5 Fire Magic
 - Level 0.2 Ice Magic
 - Level 0.2 Air Magic
 - Level 0.2 Earth Magic
 - Level 0.2 Poison Magic
 * Level 7.6 Invocations
 - Level 6.0 Evocations


You had 11 spell levels left.
You knew the following spells:

 Your Spells              Type           Power      Damage    Failure   Level
a - Summon Small Mammal   Summ           84%        N/A       1%          1
b - Magic Dart            Conj           100%       1d8       1%          1
c - Summon Guardian Gole  Hex/Summ       15%        N/A       8%          3
d - Sticky Flame          Conj/Fire      22%        2d4       12%         4
e - Mephitic Cloud        Conj/Pois/Air  17%        N/A       6%          3
f - Hailstorm             Conj/Ice       21%        3d6       13%         4
g - Ignite Poison         Fire/Tmut/Pois 9%         N/A       13%         3

Your spell library contained the following spells:

 Spells                   Type           Power      Damage    Failure   Level
 Searing Ray              Conj           66%        2d6       1%          2
 Animate Skeleton         Necr           20%        N/A       4%          1
 Apportation              Tloc           18%        N/A       4%          1
 Freeze                   Ice            36%        1d6       4%          1
 Call Canine Familiar     Summ           21%        N/A       4%          3
 Conjure Flame            Conj/Fire      22%        6-21      4%          3
 Dazzling Flash           Conj/Hex       42%        N/A       4%          3
 Corpse Rot               Necr/Air       18%        N/A       6%          2
 Frozen Ramparts          Ice            18%        1d3       13%         3
 Fulminant Prism          Conj/Hex       10%        3d9       13%         4
 Summon Ice Beast         Ice/Summ       15%        N/A       24%         4
 Animate Dead             Necr           5%         N/A       36%         4
 Dispel Undead            Necr           10%        3d9       36%         4
 Ice Form                 Ice/Tmut       9%         N/A       38%         4
 Freezing Cloud           Conj/Ice/Air   8%         6-21      45%         5
 Alistair's Intoxication  Tmut/Pois      6%         N/A       73%         5
 Death Channel            Necr           5%         N/A       99%         6
 Haunt                    Necr/Summ      7%         N/A       100%        7
 Infestation              Necr           5%         N/A       100%        8
 Lehudib's Crystal Spear  Conj/Erth      10%        10d4      100%        8
 Chain Lightning          Conj/Air       10%        3d14      100%        9


Dungeon Overview and Level Annotations

Branches:
Dungeon (10/15)            Temple (0/1) D:7            Lair (5/6) D:10
  Swamp (1/4) Lair:2        Snake (0/4) Lair:2          Orc (2/2) D:9
    Elf (0/3) Orc:2        Bailey (visited)         Volcano (visited)
  Slime: Lair:5-6

Altars:
Ashenzari
Cheibriados
Dithmenos
Fedhas
Gozag
Hepliaklqana
Kikubaaqudgha
Makhleb
Ru
Trog
Uskayaw
Vehumet
Wu Jian
Zin
The Shining One
Beogh

Shops:
Orc:2 :?:![


Innate Abilities, Weirdness & Mutations

You have a pair of large antennae on your head. (SInv)
A weak demonic guardian rushes to your aid.
You are completely covered in sharp spines.
You have an absolutely massive brain. (Int +6, Wiz)


Message History

A demonic guardian appears!
The spriggan rider hits you from afar with a +0 spear.
* * * LOW HITPOINT WARNING * * *
As you read the scroll of fear, it crumbles to dust.
You assume a fearsome visage.
The spriggan rider looks frightened!
You enter the shallow water.
Moving in this stuff is going to be slow.
As you read the scroll of fear, it crumbles to dust.
You assume a fearsome visage.
The spriggan rider easily resists.
The spriggan rider is no longer covered in acid.
The spriggan rider misses you.
Your magical effects are unravelling.
You feel magically purged.
You feel yourself speed up.
The spriggan rider blocks your shadow imp's attack.
The spriggan rider hits you but does no damage.
The spriggan rider hits you from afar with a +0 spear.
* * * LOW HITPOINT WARNING * * *
Your shadow imp closely misses the spriggan rider.
The spriggan rider blocks your shadow imp's attack.
Aiming: Paralyse
Press: ? - help, Shift-Dir - straight line, f/p - spriggan rider
Aim: a spriggan rider, wielding a +0 spear and wearing a +0 buckler (lightly wounded, ally target, chance to affect: 6%)
Okay, then.
Okay, then.
You feel better. The spriggan rider closely misses you.
Aiming: Iceblast
Press: ? - help, Shift-Dir - straight line, p - spriggan rider The mass of ice explodes!
The iceblast engulfs the spriggan rider!
The spriggan rider is moderately wounded.
The spriggan rider hits you from afar with a +0 spear!!
* * * LOW HITPOINT WARNING * * *
A demonic guardian appears!
Your shadow imp completely misses the spriggan rider.
Your quasit misses the spriggan rider.
The spriggan rider blocks your quasit's attack.
Your quasit misses the spriggan rider.
The spriggan rider hits you from afar with a +0 spear.
You die...

♣♣♣♣ ♣♣.≈♣♣♣♣♣♣ ♣♣.≈≈.≈♣≈≈♣♣
♣♣♣♣♣.≈≈≈...≈..♣♣♣♣
♣♣♣≈♣....≈≈@5i≈9≈.≈≈♣
♣....()..≈≈...≈5§..(♣♣ ♣
♣.≈≈§.≈≈.....§≈≈§≈≈)(♣♣♣ ♣.##
♣.≈≈..≈§.....≈≈≈≈≈§≈.(≈♣♣ .#.
♣.......§≈..§≈.≈≈≈≈≈.§≈.♣ ..
♣..≈<..≈≈≈.≈≈≈≈≈≈≈§.((≈≈.♣ ..#.
♣...[†.....§≈≈≈≈...≈♣≈≈≈.♣
..#.♣♣.).....≈≈≈≈≈≈§..≈(..[≈≈..♣
..#.....♣♣....≈≈≈≈..♣♣♣♣.≈≈≈≈≈.(.


You could see a spriggan rider (ally target), a friendly guardian golem
(summoned), a friendly quasit (summoned, sheltered) and a friendly shadow imp
(summoned, sheltered).

Vanquished Creatures
  Donald (Orc:2)
  2 bunyips
  Josephine (Lair:4)
  Harold (D:9)
  4 hydras
  A centaur warrior (D:9)
  5 orc high priests (Orc:2)
  7 two-headed ogres
  2 alligators (Swamp:1)
  A hell hog (Volcano)
  Sonja (Lair:3)
  2 fire crabs
  A spriggan druid (Swamp:1)
  3 bog bodies
  3 orc knights (Orc:2)
  2 swamp dragons
  Pikel (D:7)
  An ugly thing (D:8)
  An oklob plant (Lair:5)
  An orc sorcerer (Orc:2)
  3 black mambas
  11 elephants
  A gargoyle (D:10)
  A rime drake (Lair:3)
  8 komodo dragons
  14 cane toads
  2 trolls
  A hornet (Swamp:1)
  6 polar bears
  2 tyrant leeches (Swamp:1)
  11 blink frogs
  7 dream sheep
  2 shadows (D:9)
  5 wraiths (Lair:4)
  26 yaks
  9 spriggans
  8 fire bats
  5 wyverns
  3 basilisks
  6 steam dragons
  3 vampire mosquitoes (Swamp:1)
  4 nagas (Lair:2)
  3 swamp worms
  A warg (Orc:1)
  9 water moccasins
  A hell hound (Volcano)
  2 acid dragons
  33 orc warriors
  An ice beast (D:5)
  A black bear (Lair:2)
  2 sky beasts
  2 necrophages
  31 wolves
  12 ogres
  6 centaurs
  A phantom (D:5)
  A lemure (D:7)
  14 bullfrogs
  4 scorpions
  A wyvern zombie (D:8)
  2 water moccasin zombies (D:5)
  A wyvern skeleton (D:5)
  A water moccasin skeleton (D:5)
  6 killer bees
  4 wights
  3 electric eels
  5 howler monkeys
  3 bullfrog zombies
  4 centaur zombies
  8 hounds
  3 jellies
  2 bullfrog skeletons
  A centaur skeleton (D:7)
  26 orc priests
  An iron imp (D:8)
  Jessica (D:3)
  6 iguanas
  15 orc wizards
  8 hell rats
  A howler monkey zombie (D:9)
  7 adders
  A gnoll (D:1)
  A howler monkey skeleton (D:7)
  A white imp (D:6)
  2 ufetubi
  A worm (D:3)
  A dart slug (D:5)
  76 orcs
  6 endoplasms
  2 giant cockroaches
  12 goblins
  8 hobgoblins
  3 kobolds
  7 quokkas
  6 ball pythons
  4 bats
  4 frilled lizards
  6 rats
553 creatures vanquished.

Vanquished Creatures (collateral kills)
  Mlioglotl (Lair:2)
  An orc knight (Orc:2)
  A dream sheep (Lair:3)
  An orc priest (Orc:2)
  An orc wizard (D:9)
  An orc (D:9)
6 creatures vanquished.

Vanquished Creatures (others)
  A spriggan druid (Lair:2)
  A troll (D:9)
  6 dream sheep (Lair:4)
  A spriggan (Bailey)
  3 orc warriors
  A centaur (D:9)
  A centaur zombie (D:9)
  An orc priest (Orc:2)
  An orc wizard (Orc:1)
  An orc (Orc:2)
  51 fungi
  29 plants
  5 toadstools (D:1)
102 creatures vanquished.

Grand Total: 661 creatures vanquished

Notes
Turn   | Place    | Note
-------+----------+-------------------------------------------
     0 | D:1      | infinitevox the Demonspawn Wanderer began the quest for the
                  | Orb.
     0 | D:1      | infinitevox set off with the following items: a +2
                  | quarterstaff, a wand of polymorph (7), a +0 robe; and the
                  | following spell memorised: Summon Small Mammal; and the
                  | following spells available to memorise: Summon Guardian
                  | Golem
     0 | D:1      | Reached XP level 1. HP: 13/13 MP: 2/2
   319 | D:1      | Gained mutation: You are partially covered in sharp spines.
                  | [demonic ancestry]
   319 | D:1      | Reached XP level 2. HP: 15/20 MP: 4/4
   468 | D:1      | Found a faded altar of an unknown god.
   510 | D:1      | Prayed at the altar of an unknown god.
   510 | D:1      | Became a worshipper of Makhleb the Destroyer
   510 | D:1      | Reached * piety under Makhleb
   617 | D:1      | Reached skill level 1 in Fighting
   741 | D:1      | Reached skill level 1 in Dodging
  1060 | D:1      | Gained mutation: You have an unusually large brain. (Int
                  | +2) [demonic ancestry]
  1060 | D:1      | Reached XP level 3. HP: 23/26 MP: 5/5
  1551 | D:2      | Found an opulent altar of Gozag.
  1627 | D:2      | Identified the +10 hunting sling of Incongruity {speed,
                  | Contam rElec rF+ Str+4}
  1673 | D:2      | Learned a level 1 spell: Magic Dart
  2003 | D:2      | Reached ** piety under Makhleb
  2303 | D:3      | Identified the +4 mace of Invincibility {elec, Fragile rF+
                  | Int+5 Dex+2}
  2336 | D:3      | Found an ornate altar of the Wu Jian Council.
  2356 | D:3      | Reached skill level 2 in Fighting
  2356 | D:3      | Gained mutation: You have an extremely huge brain. (Int +4)
                  | [demonic ancestry]
  2356 | D:3      | Reached XP level 4. HP: 33/33 MP: 6/6
  2356 | D:3      | Noticed Jessica
  2357 | D:3      | Killed Jessica
  2806 | D:4      | Reached skill level 1 in Slings
  2806 | D:4      | Gained mutation: You have a pair of small antennae on your
                  | head. [demonic ancestry]
  2806 | D:4      | Reached XP level 5. HP: 39/39 MP: 7/7
  2927 | D:4      | Found a blossoming altar of Fedhas.
  2973 | D:4      | Found a shadowy altar of Dithmenos.
  3136 | D:4      | Found a broken altar of Ashenzari.
  3293 | D:5      | Entered Level 5 of the Dungeon
  3299 | D:5      | Reached skill level 3 in Fighting
  3299 | D:5      | Reached XP level 6. HP: 47/47 MP: 9/9
  3478 | D:5      | Gained mutation: You have a pair of antennae on your head.
                  | [demonic ancestry]
  3478 | D:5      | Reached XP level 7. HP: 42/52 MP: 10/10
  3542 | D:5      | Reached skill level 1 in Armour
  3551 | D:5      | Reached skill level 4 in Fighting
  4026 | D:5      | Reached skill level 5 in Fighting
  4031 | D:5      | Gained mutation: You have an absolutely massive brain. (Int
                  | +6, Wiz) [demonic ancestry]
  4031 | D:5      | Reached XP level 8. HP: 53/62 MP: 11/11
  4072 | D:5      | Reached skill level 5 in Armour
  4132 | D:5      | Reached *** piety under Makhleb
  4150 | D:5      | Reached skill level 6 in Fighting
  4322 | D:5      | Noticed a two-headed ogre
  4322 | D:5      | Noticed a two-headed ogre
  4345 | D:5      | Killed a two-headed ogre
  4346 | D:5      | Reached skill level 8 in Fighting
  4346 | D:5      | Reached XP level 9. HP: 59/74 MP: 9/12
  4370 | D:5      | Killed a two-headed ogre
  4537 | D:6      | Reached skill level 10 in Armour
  4829 | D:6      | Noticed a +0 hand axe
  4829 | D:6      | Noticed a +0 dagger
  4833 | D:6      | Found a hide-covered altar of Uskayaw.
  4902 | D:6      | Paralysed by a centaur for 4 turns
  4904 | D:6      | Identified the +6 rapier "Jorapt" {elec, rPois Str+6}
  4913 | D:6      | Paralysed by a centaur for 4 turns
  4966 | D:6      | Reached **** piety under Makhleb
  6128 | D:7      | Noticed Pikel
  6140 | D:7      | Killed Pikel
  6141 | D:7      | Gained mutation: A weak demonic guardian rushes to your
                  | aid. [demonic ancestry]
  6141 | D:7      | Reached XP level 10. HP: 80/80 MP: 14/14
  6241 | D:7      | Learned a level 3 spell: Summon Guardian Golem
  6299 | D:7      | Found a staircase to the Ecumenical Temple.
  6640 | D:8      | Noticed a centaur warrior
  6844 | D:8      | Found a radiant altar of Vehumet.
  6850 | D:8      | Found an ancient bone altar of Kikubaaqudgha.
  7082 | D:8      | Identified the +0 ring mail of Theory {Rampage SInv}
  7202 | D:8      | Noticed a white ugly thing
  7221 | D:8      | Killed a white ugly thing
  7222 | D:8      | Reached skill level 5 in Slings
  7366 | D:8      | Found a snail-covered altar of Cheibriados.
  7426 | D:8      | You fall into a shaft and drop 1 floor!
  7472 | D:9      | Noticed a two-headed ogre
  7502 | D:9      | Killed a two-headed ogre
  7551 | D:9      | Found a flagged portal.
  7559 | D:9      | Killed a centaur warrior
  7609 | Bailey   | Entered a bailey
  7739 | Bailey   | Gained mutation: You are mostly covered in sharp spines.
                  | [demonic ancestry]
  7739 | Bailey   | Reached XP level 11. HP: 80/86 MP: 16/16
  7988 | Bailey   | Noticed a two-headed ogre
  7997 | Bailey   | Killed a two-headed ogre
  7998 | Bailey   | Reached skill level 5 in Dodging
  8104 | D:9      | Identified a scroll of acquirement
  8212 | D:9      | Reached skill level 5 in Spellcasting
  8212 | D:9      | Reached skill level 5 in Invocations
  8212 | D:9      | Reached XP level 12. HP: 92/92 MP: 16/20
  8508 | D:9      | Noticed a two-headed ogre
  8513 | D:9      | Killed a two-headed ogre
  8788 | D:9      | Noticed a two-headed ogre
  8790 | D:9      | Noticed Harold
  8803 | D:9      | Killed a two-headed ogre
  8851 | D:9      | Killed Harold
  8852 | D:9      | Reached skill level 9 in Fighting
  9289 | D:9      | Reached ***** piety under Makhleb
  9351 | D:9      | Found a bloodstained altar of Trog.
  9479 | D:9      | Noticed a two-headed ogre
  9490 | D:9      | Killed a two-headed ogre
  9679 | D:9      | Found a staircase to the Orcish Mines.
  9882 | D:9      | Acquired the Catalogue of Conjuration
  9909 | D:10     | Entered Level 10 of the Dungeon
 10110 | D:9      | Reached skill level 10 in Fighting
 10285 | D:10     | Found a staircase to the Lair.
 10597 | D:10     | Found a sacrificial altar of Ru.
 10975 | D:10     | Found a hazy altar of Hepliaklqana.
 11386 | Lair:1   | Entered Level 1 of the Lair of Beasts
 11400 | Lair:1   | Reached skill level 11 in Fighting
 11893 | Lair:1   | Gained mutation: You are completely covered in sharp
                  | spines. [demonic ancestry]
 11893 | Lair:1   | Reached XP level 13. HP: 107/107 MP: 21/21
 12340 | Lair:2   | Reached skill level 12 in Fighting
 12447 | Lair:2   | Found a dark tunnel.
 12459 | Volcano  | Entered a volcano
 12808 | Lair:2   | Identified the +0 scale mail of Mopyopp {Str+3}
 12829 | Lair:2   | Found a staircase to the Snake Pit.
 13188 | Lair:2   | Reached skill level 13 in Fighting
 13945 | Lair:2   | Reached skill level 14 in Fighting
 13956 | Lair:2   | Found a staircase to the Swamp.
 14316 | Lair:3   | Noticed Sonja
 14607 | Lair:3   | Reached skill level 10 in Dodging
 14614 | Lair:3   | Killed Sonja
 15100 | Lair:3   | Reached ****** piety under Makhleb
 15667 | Lair:4   | Reached XP level 14. HP: 120/120 MP: 22/22
 15912 | Lair:4   | Noticed Josephine
 15927 | Lair:4   | Killed Josephine
 16195 | Lair:4   | Learned a level 4 spell: Sticky Flame
 16438 | Lair:4   | Identified the +0 ring mail "Feudgh" {rElec rC- Dex-3 SInv}
 18373 | Orc:1    | Entered Level 1 of the Orcish Mines
 18410 | Orc:1    | Reached skill level 1 in Conjurations
 18685 | Orc:2    | Entered Level 2 of the Orcish Mines
 19129 | Orc:2    | Found Jesuleff's Book Emporium.
 19762 | Orc:2    | Found a staircase to the Elven Halls.
 19912 | Orc:2    | Reached skill level 5 in Conjurations
 20225 | Orc:2    | Found Lischo's Book Emporium.
 20228 | Orc:2    | Found Ytzokh Dellu's Distillery.
 20229 | Orc:2    | Found Hippaul's Magic Scroll Emporium.
 20230 | Orc:2    | Found Hihuvekk's Antique Armour Emporium.
 20233 | Orc:2    | Bought a scroll of identify for 22 gold pieces
 20234 | Orc:2    | Bought a scroll of teleportation for 33 gold pieces
 20234 | Orc:2    | Bought a scroll of magic mapping for 38 gold pieces
 20234 | Orc:2    | Bought a scroll of fear for 38 gold pieces
 20237 | Orc:2    | Bought a pair of gloves for 130 gold pieces
 20308 | Orc:2    | Noticed Donald
 20340 | Orc:2    | Killed Donald
 20341 | Orc:2    | Reached skill level 5 in Evocations
 20741 | Orc:2    | Bought a Trismegistus Codex for 392 gold pieces
 20745 | Orc:2    | Learned a level 3 spell: Mephitic Cloud
 20750 | Orc:2    | Learned a level 4 spell: Hailstorm
 20754 | Orc:2    | Learned a level 3 spell: Ignite Poison
 20814 | Orc:2    | Bought a potion of curing for 45 gold pieces
 20814 | Orc:2    | Bought a potion of curing for 45 gold pieces
 20814 | Orc:2    | Bought a potion of resistance for 150 gold pieces
 20814 | Orc:2    | Bought a potion of curing for 45 gold pieces
 20814 | Orc:2    | Bought a potion of heal wounds for 75 gold pieces
 21024 | Swamp:1  | Entered Level 1 of the Swamp
 21152 | Swamp:1  | Noticed Mlioglotl
 21282 | Lair:2   | HP: 5/120 [Mlioglotl (21)]
 21292 | Lair:2   | Killed Mlioglotl
 21293 | Lair:2   | Gained mutation: You have a pair of large antennae on your
                  | head. (SInv) [demonic ancestry]
 21293 | Lair:2   | Reached XP level 15. HP: 37/126 MP: 27/27
 21867 | Swamp:1  | HP: 5/126 [spriggan rider/+0 spear (20)]
 21868 | Swamp:1  | Slain by a spriggan rider

Illustrated notes

Levels and vault maps discovered:
D:1:      ldierk_walled_garden, layout_rooms,
          shapermc_ecumenical_altar_mp_highgroup
D:2:      layout_loops_corners, basic_altar
D:3:      layout_basic, lemuel_tele_altar, uniq_jessica
D:4:      layout_rooms, nicolae_dithmenos_shadow_blocks,
          mainiacjoe_overflow_small_starburst, mainiacjoe_overflow_alcove_4
D:5:      kennysheep_windowed_halls, layout_gridville, minmay_manual_mess
D:6:      layout_basic, dancing_weapons_uskayaw
D:7:      layout_cave_pools, marbit_many_paths,
          minmay_temple_entry_antechambers, uniq_pikel
D:8:      layout_gridville, slow_altar_1, nicolae_overflow_crystal_walls,
          mainiacjoe_overflow_catch_the_wave
D:9:      minmay_razor_zed, layout_long_grid, trog_three_pillars_becter,
          hiddenorc1_lemuel, enter_bailey_5, uniq_harold
D:10:     layout_loops_cross, worldfamousw_hep_ancestral_shrine,
          nicolae_ru_great_annihilating_truth, lair_entry_dummy,
          evilmike_butchery
Lair:1:   layout_hall_layers, grunt_megastairs_3, lemuel_fruit_fields
Lair:2:   beast_lair_carwin_large_2, layout_chaotic_city,
          nicolae_swamp_entry_splash_gauntlet,
          minmay_snake_entry_guardpost_small, nicolae_volcano_entry_batcave
Lair:3:   layout_regular_city, grunt_megastairs_5, lemuel_fruit_tree,
          serial_bayou_shore_a, infiniplex_staircase_pool, uniq_sonja
Lair:4:   layout_regular_city, uniq_josephine
Lair:5:   layout_regular_city, beast_lair_carwin_8
Swamp:1:  layout_basic_swamp, evilmike_swamp_ruin_house_2, uniq_mlioglotl
Orc:1:    layout_caves
Orc:2:    st_orc_pillars, layout_diamond_mine, serial_shops,
          nicolae_shop_waterfront, basic_altar, uniq_donald

Skill      XL: |  1  2  3  4  5  6  7  8  9 10 11 12 13 14 15 |
---------------+----------------------------------------------+-----
Fighting       | 1 2 3 5 8 11 14 | 14.0
Dodging        | 1 2 3 7 8 11 12 | 12.0
Slings         | 1 2 4 7 8 |  8.0
Spellcasting   | 2 3 5 8 |  8.0
Armour         | 4 8 12 13 | 13.9
Invocations    | 5 6 7 |  7.6
Evocations     | 5 6 |  6.0
Conjurations   | 6 |  6.0
Long Blades    | |  0.4
Axes           | |  0.3
Staves         | |  2.6
Bows           | |  0.3
Crossbows      | |  0.3
Shields        | |  0.3
Hexes          | |  0.3
Summonings     | |  3.0
Necromancy     | |  0.4
Translocations | |  0.2
Transmutations | |  0.2
Fire Magic     | |  0.5
Ice Magic      | |  0.2
Air Magic      | |  0.2
Earth Magic    | |  0.2
Poison Magic   | |  0.2

Action                   |  1- 3 |  4- 6 |  7- 9 | 10-12 | 13-15 || total
-------------------------+-------+-------+-------+-------+-------++-------
Melee: Quarterstaff      |    67 |       |       |       |       ||    67
 Fire: Hunting sling     |     9 |    69 |   228 |   531 |  1357 ||  2194
 Cast: Summon Small Mamm |     1 |       |     5 |     1 |     2 ||     9
       Magic Dart        |       |       |     1 |       |       ||     1
       Summon Guardian G |       |       |       |     7 |    25 ||    32
       Sticky Flame      |       |       |       |       |     4 ||     4
       Mephitic Cloud    |       |       |       |       |     1 ||     1
Invok: Lesser Servant of |       |       |       |       |     1 ||     1
Evoke: Wand              |       |       |     4 |     3 |    21 ||    28
       Lightning rod     |       |       |       |       |     6 ||     6
  Use: Scroll            |       |     7 |     5 |    13 |    16 ||    41
       Potion            |       |       |     2 |     4 |    11 ||    17
 Stab: Sleeping          |     4 |       |       |       |       ||     4
       Distracted        |     1 |       |       |       |       ||     1
Armor: Robe              |    12 |     3 |     3 |       |    31 ||    49
       Steam dragon scal |       |       |     2 |    27 |       ||    29
       Acid dragon scale |       |       |       |     1 |    81 ||    82
       Swamp dragon scal |       |       |       |       |    11 ||    11
Dodge: Dodged            |    32 |     2 |    29 |    57 |   322 ||   442
